 Dungeon Crawl Stone Soup version 0.17-a0-1399-gd5b76e1 (webtiles) character file.

1598 nuthulu the Fighter (level 8, -1/56 HPs)
             Began as a Gargoyle Fighter on June 19, 2015.
             Killed by divine providence
             ... invoked by an orc priest
              (13 damage)
             ... on level 6 of the Dungeon.
             The game lasted 00:20:09 (5317 turns).

nuthulu the Fighter (Gargoyle Fighter)              Turns: 5317, Time: 00:20:10

Health: -1/56      AC: 15    Str: 22    XL:     8   Next: 93%
Magic:  8/8        EV:  8    Int:  8    God:
Gold:   126        SH:  9    Dex: 13    Spells: 0 memorised, 7 levels left

rFire  . . .     SeeInvis .     a - +1 war axe
rCold  . . .     Clarity  .     b - +0 scale mail
rNeg   + . .     SustAt   .     c - +0 shield
rPois  ∞         Gourm    .     i - +1 helmet
rElec  +         Spirit   .     (no cloak)
rCorr  .         Warding  .     w - +0 pair of gloves
rMut   .         Stasis   .     (no boots)
MR     .....                    (no amulet)
Stlth  ..........               o - +3 ring of dexterity
                                d - +1 ring of evasion

@: not resistant to hostile enchantments, extremely unstealthy
A: negative energy resistance 1, electricity resistance, unbreathing,
petrification resistance, rot immunity, AC +5
a: no special abilities


You were on level 6 of the Dungeon.
You were not hungry.

You visited 2 branches of the dungeon, and saw 7 of its levels.

You collected 302 gold pieces.
You spent 176 gold pieces at shops.

Inventory:

Hand weapons
 a - a +1 war axe (weapon)
Armour
 b - a +0 scale mail (worn)
 c - a +0 shield (worn)
 i - a +1 helmet (worn)
 w - a +0 pair of gloves (worn)
Jewellery
 d - a +1 ring of evasion (left hand)
 k - the amulet "Usegahaq" {Stasis rF+}
   (You bought it in a shop on level 4 of the Dungeon)

   [amulet of stasis]

   It prevents you from being teleported, slowed, hasted or paralysed.
   It protects you from fire.
 m - an uncursed ring of fire
 o - a +3 ring of dexterity (right hand)
 r - an uncursed ring of protection from cold
 u - an uncursed ring of positive energy
Magical devices
 l - a wand of fireball (3)
Scrolls
 g - 2 scrolls of fear
 j - a scroll of identify
 s - 4 scrolls of remove curse
Potions
 f - a potion of haste
 t - a potion of magic
 v - a potion of curing
Comestibles
 e - 7 bread rations
 n - a slice of pizza
 q - 2 meat rations


   Skills:
 + Level 9.1 Fighting
 + Level 7.2 Axes
 - Level 3.2 Armour
 - Level 3.2 Shields


You had 7 spell levels left.
You didn't know any spells.

Dungeon Overview and Level Annotations

Branches:
Dungeon (6/15)             Temple (1/1) D:5

Altars:
Ashenzari
Cheibriados
Dithmenos
Fedhas
Gozag
Qazlal
Ru
Sif Muna
Trog
Vehumet
Xom
Yredelemnul
Zin
Lugonu

Shops:
D:4 *


Innate Abilities, Weirdness & Mutations

You are resistant to torment.
Your stone body is resilient (AC +5).
You are immune to poison.
You resist negative energy.
You are resistant to electric shocks.
You can survive without breathing.
You are immune to petrification.
You are immune to rotting.


Message History

The hobgoblin zombie hits you.
* * * LOW HITPOINT WARNING * * *
The orc priest invokes the aid of Beogh against you.
You struggle to resist.
You block the orc priest's attack. The jackal closely misses you.
Unknown command.
You barely miss the orc priest.
The orc priest is severely wounded.
You slash the jackal!
You kill the jackal!
You hit the hobgoblin zombie.
Your shield and scale mail prevent you from hitting the worker ant.
The worker ant is severely wounded.
You hit the jackal zombie. You closely miss the orc priest.
The orc priest is moderately wounded.
You block the worker ant's attack. You block the jackal zombie's attack.
The hobgoblin zombie barely misses you.
The orc priest mumbles some strange prayers to Beogh against you.
Something smites you!
You die...

#......... #.........
#....>... (.
######......$
..............###
...###.<........##
#..#....Z........
#.......@o......
#.....aZo......
#......b.......
##.............
##............
###########.............
........................
###########............>
#..[.........


You could see a worker ant, 2 orc priests, a jackal zombie, a hobgoblin zombie
and a bat.

Vanquished Creatures
  Pikel (D:5)
  The ghost of Fluffy the Slasher, an average DsGl (D:4)
  Eustachio (D:4)
  3 slaves (D:5)
  2 ogres (D:5)
  A centaur (D:5)
  A scorpion (D:6)
  A jelly (D:5)
  2 orc priests
  2 hounds
  An iguana (D:5)
  3 orc wizards (D:4)
  2 worker ants (D:5)
  3 gnolls (D:5)
  8 adders
  A shadow imp (D:6)
  An ooze (D:3)
  A worm (D:2)
  An adder zombie (D:5)
  An adder skeleton (D:4)
  3 giant geckos
  5 orcs
  A bat zombie (D:5)
  5 giant cockroaches
  14 hobgoblins
  8 jackals
  12 kobolds
  A quokka (D:5)
  12 bats
  9 giant newts
  6 goblins
  A quokka skeleton (D:4)
  9 rats
123 creatures vanquished.

Vanquished Creatures (others)
  A bat (D:2)
  A kobold (D:5)
2 creatures vanquished.

Grand Total: 125 creatures vanquished

Notes
Turn   | Place    | Note
--------------------------------------------------------------
     0 | D:1      | nuthulu the Gargoyle Fighter began the quest for the Orb.
     0 | D:1      | Reached XP level 1. HP: 14/14 MP: 1/1
   280 | D:1      | Reached XP level 2. HP: 19/19 MP: 2/2
   653 | D:1      | Reached XP level 3. HP: 24/24 MP: 3/3
   663 | D:1      | Reached skill level 4 in Fighting
  1287 | D:2      | Found a glowing silver altar of Zin.
  1287 | D:2      | Found a shimmering altar of Xom.
  1287 | D:2      | Noticed an angel
  1684 | D:2      | Reached XP level 4. HP: 28/30 MP: 4/4
  2232 | D:3      | Reached skill level 5 in Fighting
  2232 | D:3      | Reached XP level 5. HP: 33/35 MP: 5/5
  2607 | D:4      | Noticed Eustachio
  2625 | D:4      | Killed Eustachio
  2625 | D:4      | Reached XP level 6. HP: 37/41 MP: 6/6
  2757 | D:4      | Noticed Fluffy's ghost (average DsGl)
  3357 | D:4      | Found a sacrificial altar of Ru.
  3386 | D:4      | Reached skill level 6 in Fighting
  3920 | D:4      | Found Waryadi's Assorted Antiques.
  3927 | D:4      | Bought a transparent crystal amulet for 110 gold pieces
  3927 | D:4      | Bought a scroll of remove curse for 66 gold pieces
  3927 | D:4      | Identified the amulet "Usegahaq" {Stasis rF+} (You bought it in a shop on level 4 of the Dungeon)
  4058 | D:4      | Found a deep blue altar of Sif Muna.
  4115 | D:4      | Killed Fluffy's ghost
  4115 | D:4      | Reached skill level 5 in Axes
  4115 | D:4      | Reached XP level 7. HP: 27/47 MP: 7/7
  4255 | D:5      | Entered Level 5 of the Dungeon
  4339 | D:5      | Reached skill level 7 in Fighting
  4436 | D:5      | Reached XP level 8. HP: 43/53 MP: 8/8
  4620 | D:5      | Found a staircase to the Ecumenical Temple.
  4670 | D:5      | Noticed Pikel
  4701 | D:5      | Killed Pikel
  4701 | D:5      | Reached skill level 8 in Fighting
  4783 | D:5      | Found an opulent altar of Gozag.
  4827 | Temple   | Entered the Ecumenical Temple
  5196 | D:6      | Reached skill level 9 in Fighting
  5317 | D:6      | Killed from afar by an orc priest

Vault maps used:
D:1:      dpeg_arrival_shrine
D:2:      grunt_temple_overflow_order_and_chaos_1, kennysheep_generic_room_5
D:3:      feat_on_display
D:4:      kennysheep_mini, serial_shops, nicolae_shop_stone,
          nicolae_ru_great_annihilating_truth, uniq_eustachio
D:5:      nicolae_gozag_cash_rules_everything_around_me, temple_doors_e,
          first_bread, uniq_pikel
D:6:      lemuel_crystal_altar, minitemple, nrook_loot_triangle
Temple:   corrupted_temple

Action                   |  1- 3 |  4- 6 |  7- 9 || total
-------------------------+-------+-------+-------++-------
Melee: War axe           |   140 |   205 |   171 ||   516
Evoke: Wand              |       |     1 |       ||     1
  Use: Scroll            |     6 |     6 |     3 ||    15
       Potion            |     1 |     6 |     1 ||     8
 Stab: Invisible         |       |     1 |       ||     1
       Paralysed         |       |     1 |       ||     1
  Eat: Chunk             |     3 |     8 |     5 ||    16
